 Dungeon Crawl Stone Soup version 0.23.1 (webtiles) character file.

Game seed: 0

618 misha the Cudgeler (level 7, 0/62 HPs)
             Began as a Minotaur Fighter on Mar 2, 2019.
             Killed by divine providence
             ... invoked by an orc priest
              (11 damage)
             ... on level 4 of the Dungeon on Mar 3, 2019.
             The game lasted 00:29:04 (4778 turns).

misha the Cudgeler (Minotaur Fighter)               Turns: 4778, Time: 00:29:04

Health: 0/62       AC:  7    Str: 25    XL:     7   Next: 21%
Magic:  6/6        EV:  8    Int:  5    God:
Gold:   76         SH: 11    Dex:  9    Spells: 6/6 levels left

rFire    . . .     SeeInvis .   b - +2 mace (holy)
rCold    . . .     Gourm    .   c - +1 shield
rNeg     . . .     Faith    .   d - +0 scale mail
rPois    .         Spirit   .   (helmet restricted)
rElec    .         Reflect  .   (no cloak)
rCorr    .         Harm     .   (no gloves)
MR       .....                  (no boots)
Stlth    ..........             (no amulet)
HPRegen  0.20/turn              e - +2 ring of strength
MPRegen  0.10/turn              (no ring)

@: no status effects
A: retaliatory headbutt, horns 2
a: no special abilities


You were on level 4 of the Dungeon.
You were not hungry.

You visited 1 branch of the dungeon, and saw 4 of its levels.

You collected 76 gold pieces.

Inventory:

Hand Weapons
 a - a +0 flail
 b - a +2 mace of holy wrath (weapon)
Missiles
 g - 121 stones (quivered)
 o - 16 poisoned needles
 q - 26 sling bullets
 x - 3 tomahawks
 y - 2 poisoned tomahawks
Armour
 c - a +1 shield (worn)
 d - a +0 scale mail (worn)
Jewellery
 e - a +2 ring of strength (left hand)
 m - a +4 ring of intelligence
 r - an uncursed amulet of the gourmand {unknown}
 t - an uncursed ring of fire {unknown}
Wands
 w - a wand of flame (29)
Scrolls
 h - 2 scrolls of immolation
 l - a scroll of enchant weapon {unknown}
 n - a scroll of teleportation {unknown}
 p - a scroll of fear {unknown}
Potions
 i - 3 potions of brilliance {unknown}
 j - a potion of haste {unknown}
 k - a potion of degeneration {unknown}
 s - a potion of cancellation {unknown}
 u - a potion of heal wounds {unknown}
 v - 2 potions of curing {unknown}
Comestibles
 f - 7 rations


   Skills:
 + Level 5.9 Fighting
 * Level 6.7 Maces & Flails
 - Level 4.1 Armour
 - Level 0.1 Dodging
 + Level 5.9 Shields


You had 6 spell levels left.
You didn't know any spells.
Your spell library was empty.

Dungeon Overview and Level Annotations

Branches:
Dungeon (4/15)
 Temple: D:4-7

Altars:
Ru
Vehumet
Yredelemnul
The Shining One


Innate Abilities, Weirdness & Mutations

You reflexively headbutt those who attack you in melee.
You have a pair of horns on your head.


Message History

The orc wizard seems to speed up.
You barely miss the ogre. Your headbutt misses the ogre.
The ogre is moderately wounded.
A quokka skeleton comes into view.
You block the ogre's attack.
You sock the ogre!
The ogre is almost dead.
You hit the ogre.
You kill the ogre!
You block the orc wizard's attack. x2
You sock the quokka skeleton!
You destroy the quokka skeleton!
An orc priest comes into view. It is wielding a +0 mace.
Things that are here:
a +0 giant spiked club; an ogre corpse The orc wizard mumbles some strange words.
The orc wizard blinks!
The orc priest invokes the aid of Beogh against you.
Beogh smites you!
You die...

####### #.{).@#
##### #o###.######
#.... ...
#......#### #.###
#...o...##.......#
#.# #..♣...♣.
#######.# #.#
#...... ..
#.####.#
#.....♣.o.
#......# #. <..
..< #.###### ♣...
######.#


You could see an orc priest and an orc wizard.

Vanquished Creatures
  A black bear (D:2)
  An ogre (D:4)
  A scorpion (D:4)
  A howler monkey (D:3)
  4 orc priests
  An orc wizard (D:4)
  A worker ant (D:4)
  4 gnolls (D:4)
  5 adders
  4 worms
  A dart slug (D:1)
  A leopard gecko (D:2)
  7 orcs
  A ball python (D:2)
  4 giant cockroaches
  9 goblins
  6 hobgoblins
  6 jackals (D:1)
  5 quokkas
  7 bats
  4 frilled lizards
  13 kobolds
  A quokka skeleton (D:4)
  5 rats
93 creatures vanquished.

Notes
Turn   | Place    | Note
-------+----------+-------------------------------------------
     0 | D:1      | misha the Minotaur Fighter began the quest for the Orb.
     0 | D:1      | Reached XP level 1. HP: 19/19 MP: 0/0
    86 | D:1      | Reached XP level 2. HP: 27/27 MP: 1/1
   720 | D:1      | Reached XP level 3. HP: 30/33 MP: 2/2
   930 | D:2      | Reached skill level 3 in Maces & Flails
  1247 | D:2      | Found a faded altar of an unknown god.
  1501 | D:2      | Noticed a black bear
  1872 | D:2      | Killed a black bear
  1872 | D:2      | Reached skill level 4 in Maces & Flails
  1872 | D:2      | Reached XP level 4. HP: 26/41 MP: 3/3
  1872 | D:2      | Reached XP level 5. HP: 30/47 MP: 4/4
  2216 | D:2      | Found a basalt altar of Yredelemnul.
  2382 | D:3      | Found a glowing golden altar of the Shining One.
  2607 | D:2      | Reached skill level 5 in Fighting
  2607 | D:2      | Reached skill level 5 in Maces & Flails
  2607 | D:2      | Reached skill level 5 in Shields
  3218 | D:3      | Reached XP level 6. HP: 31/56 MP: 5/5
  3623 | D:3      | Found a sacrificial altar of Ru.
  3830 | D:4      | Found a radiant altar of Vehumet.
  4235 | D:4      | Reached skill level 6 in Maces & Flails
  4740 | D:4      | Reached XP level 7. HP: 57/62 MP: 6/6
  4778 | D:4      | Killed from afar by an orc priest

Skill      XL: |  1  2  3  4  5  6 |
---------------+-------------------+-----
Armour         | 4 |  4.1
Fighting       | 4 5 |  5.9
Shields        | 4 5 |  5.9
Maces & Flails | 4 5 6 |  6.7
Dodging        | |  0.1

Action                   |  1- 3 |  4- 6 |  7- 9 || total
-------------------------+-------+-------+-------++-------
Melee: Flail             |   133 |    46 |       ||   179
       Headbutt          |    15 |    27 |       ||    42
       Mace              |       |    94 |     7 ||   101
Throw: Stone             |       |     2 |       ||     2
  Use: Potion            |     1 |       |       ||     1
       Scroll            |       |     3 |       ||     3
  Eat: Ration            |     1 |     2 |       ||     3
       Chunk             |       |     2 |       ||     2
Armor: Scale mail        |    72 |    47 |       ||   119
Dodge: Dodged            |    36 |    39 |       ||    75
Block: Shield            |    83 |    91 |     3 ||   177
